 Dungeon Crawl Stone Soup version 0.29-a0-333-gb4c28e87c6 (webtiles) character file.

Game seed: 5720146333781126724

461 Essalna the Magician (level 7, -3/45 HPs)
             Began as a Djinni Conjurer on Apr 13, 2022.
             Killed from afar by Dowan (21 damage)
             ... with a shard of ice
             ... on level 4 of the Dungeon.
             The game lasted 00:05:49 (4457 turns).

Essalna the Magician (Djinni Conjurer)              Turns: 4457, Time: 00:05:49

Health: -3/45      AC:  5    Str:  6    XL:     7   Next: 28%
Gold:   276        EV: 12    Int: 21    God:
                   SH:  0    Dex: 12

rFire   + + .      SeeInvis .   m - +2 dagger (venom)
rCold   x . .      Faith    .   (no shield)
rNeg    . . .      Spirit   .   a - +0 robe
rPois   ∞          Reflect  .   (no helmet)
rElec   .          Harm     .   (no cloak)
rCorr   .          Rampage  .   o - +2 pair of gloves
Will    .....                   (boots unavailable)
Stlth   ++........              (no amulet)
HPRegen 0.15/turn               (no ring)
MPRegen 0.00/turn               (no ring)

@: flying
A: sickness immunity, fire resistance 2, cold vulnerability 1, float, innate
caster, HP casting, extra vitality 1
a: no special abilities


You were on level 4 of the Dungeon.
You visited 1 branch of the dungeon, and saw 4 of its levels.

You collected 276 gold pieces.

Inventory:

Hand Weapons
 m - a +2 dagger of venom (weapon)
Armour
 a - a +0 robe (worn)
 c - a +0 pair of gloves
 o - a +2 pair of gloves (worn)
Scrolls
 b - 2 scrolls of fog {unknown}
 f - 4 scrolls of identify {unknown}
 i - a scroll of teleportation {unknown}
 k - a scroll of fear {unknown}
 n - a scroll of immolation {unknown}
 q - a scroll of magic mapping {unknown}
Potions
 d - 2 potions of attraction {unknown}
 e - a potion of flight {unknown}
 g - a potion of mutation {unknown}
 h - a potion of magic {unknown}
 j - a potion of brilliance {unknown}
 l - a potion of heal wounds {unknown}
 p - a potion of curing


   Skills:
 + Level 0.1 Fighting
 + Level 0.1 Armour
 + Level 2.2 Dodging
 - Level 1.5 Stealth
 + Level 6.4 Spellcasting


You couldn't memorise any spells.
You knew the following spells:

 Your Spells              Type           Power      Damage    Failure   Level
a - Magic Dart            Conj           100%       1d8       1%          1
b - Searing Ray           Conj           66%        2d6       1%          2
c - Dazzling Flash        Conj/Hex       66%        N/A       1%          3
d - Fulminant Prism       Conj/Hex       16%        3d11      7%          4
e - Iskenderun's Mystic   Conj/Tloc      33%        2d8       7%          4
f - Freeze                Ice            100%       1d11      1%          1
g - Ensorcelled Hibernat  Hex/Ice        66%        N/A       1%          2
h - Spider Form           Tmut/Pois      33%        N/A       1%          3
Your spell library was empty.

Dungeon Overview and Level Annotations

Branches:
Dungeon (4/15)
 Temple: D:4-7

Altars:
Qazlal

Annotations:
D:4 Dowan


Innate Abilities, Weirdness & Mutations

You are immune to sickness and miasma.
You are immune to poison.
Your flesh is very heat resistant. (rF++)
You are vulnerable to cold. (rC-)
You float through the air rather than walking.
You learn spells naturally, not from books.
Your magical power is your life essence.
You have superior vitality. (+4 MHP)


Message History

The searing ray hits Duvessa.
Duvessa is severely wounded.
The searing ray hits Duvessa.
Duvessa is severely wounded.
Duvessa hits you with a +0 short sword. Duvessa barely misses you.
The searing ray hits Duvessa but does no damage.
Duvessa is severely wounded.
You finish channelling your searing ray.
Duvessa barely misses you. Dowan hits you but does no damage.
Casting: Searing Ray (safe; 1% risk of failure)
Confirm with . or Enter, or press ? or * to list all spells.
Okay, then.
Casting: Searing Ray (safe; 1% risk of failure)
Confirm with . or Enter, or press ? or * to list all spells.
You erupt in a blast of force!
The mystic blast hits Duvessa.
Duvessa is almost dead.
Duvessa is knocked back by the mystic blast.
The mystic blast hits Dowan!
Dowan is heavily wounded.
Dowan is knocked back by the mystic blast.
Dowan slams into the rock wall!
Dowan is severely wounded.
Casting: Iskenderun's Mystic Blast (dangerous; 7% risk of failure)
Confirm with . or Enter, or press ? or * to list all spells.
Aiming: Searing Ray (safe; 1% risk of failure)
Press: ? - help, Shift-Dir - straight line, f/p - Duvessa
Aim: Duvessa, wielding a +0 short sword and wearing a +0 ring mail (almost dead, fast, 86% to hit)
The searing ray misses Duvessa. (Press . to maintain the ray.) Dowan hits you but does no damage.
The searing ray hits Duvessa.
Duvessa is almost dead.
Duvessa hits you with a +0 short sword! Dowan hits you but does no damage.
The searing ray hits Duvessa.
You kill Duvessa!
Dowan screams, "No!
No!"
Dowan seems to find hidden reserves of power!
Dowan points at you and mumbles some strange words.
The shard of ice hits you!!
You feel a painful chill!
You die...

#.# #.# # #
#.###########
##............
##.............
##..............
##...........#### #
##............#
#..#.#.............#
#....@#############
#..#.#e)# #. #.##..#
. #..# .# #..# ..
#... .# #..# ..#


You could see Dowan (fast).

Vanquished Creatures
  Menkaure (D:4)
  Duvessa (D:4)
  Blork the orc (D:4)
  A scorpion (D:4)
  An orc priest (D:3)
  2 gnolls (D:4)
  5 adders
  8 worms
  4 dart slugs
  15 orcs (D:3)
  8 ball pythons
  4 bats
  An endoplasm (D:1)
  A giant cockroach (D:1)
  5 goblins
  4 hobgoblins
  3 jackals (D:4)
  7 kobolds
  A quokka (D:2)
  4 frilled lizards
  3 rats
80 creatures vanquished.

Notes
Turn   | Place    | Note
-------+----------+-------------------------------------------
     0 | D:1      | Essalna the Djinni Conjurer began the quest for the Orb.
     0 | D:1      | Reached XP level 1. HP: 15/15 MP: 0/0
   133 | D:1      | Reached XP level 2. HP: 17/21 MP: 0/0
   805 | D:1      | Reached XP level 3. HP: 22/25 MP: 0/0
   805 | D:1      | Learned a level 1 spell: Freeze
  1157 | D:2      | Reached skill level 4 in Spellcasting
  1614 | D:2      | Found a stormy altar of Qazlal.
  1841 | D:2      | Reached XP level 4. HP: 29/31 MP: 0/0
  2567 | D:3      | Reached XP level 5. HP: 26/35 MP: 0/0
  2567 | D:3      | Learned a level 2 spell: Ensorcelled Hibernation
  3347 | D:3      | Reached skill level 5 in Spellcasting
  3795 | D:4      | Noticed Menkaure
  3800 | D:4      | Reached XP level 6. HP: 31/40 MP: 0/0
  3803 | D:4      | Killed Menkaure
  3966 | D:4      | Reached skill level 6 in Spellcasting
  3966 | D:4      | Reached XP level 7. HP: 40/45 MP: 0/0
  3966 | D:4      | Learned a level 3 spell: Spider Form
  4032 | D:4      | Noticed Blork the orc
  4047 | D:4      | Killed Blork the orc
  4445 | D:4      | Noticed Duvessa
  4448 | D:4      | Noticed Dowan
  4457 | D:4      | Killed Duvessa
  4457 | D:4      | Killed from afar by Dowan

Illustrated notes

Levels and vault maps discovered:
D:1:      matt_arrival_grand_opening, layout_basic, minmay_misc_feat_nine_boxes
D:2:      layout_basic, basic_altar, grunt_ministairs_15,
          kennysheep_generic_room_15
D:3:      layout_loops_corners, fountainhead, supply_closet_lemuel
D:4:      layout_basic, minmay_parallelograms, uniq_menkaure, uniq_duvessa,
          uniq_blork_the_orc

Skill      XL: |  1  2  3  4  5  6 |
---------------+-------------------+-----
Spellcasting   | 4 5 6 |  6.4
Fighting       | |  0.1
Armour         | |  0.1
Dodging        | |  2.2
Stealth        | |  1.5

Action                   |  1- 3 |  4- 6 |  7- 9 || total
-------------------------+-------+-------+-------++-------
Melee: Unarmed           |       |       |     5 ||     5
 Cast: Magic Dart        |    80 |   102 |    15 ||   197
       Searing Ray       |     1 |     3 |     4 ||     8
       Iskenderun's Myst |       |       |     1 ||     1
       Spider Form       |       |       |     1 ||     1
Armor: Robe              |     2 |     1 |     3 ||     6
Dodge: Dodged            |     1 |    10 |     9 ||    20

Table legend: (Time is in decaauts)
 A = Elapsed time spent in this place.
 B = Non-inter-level travel time spent in this place.
 C = Inter-level travel time spent in this place.
 D = Time resting spent in this place.
 E = Time spent auto-exploring this place.
 F = Levels seen in this place.
 G = Mean time per level.
                   A        B        C        D        E       F      G
               +--------+--------+--------+--------+--------+-----+--------+
         Total |   4455 |   4414 |     41 |      0 |   3997 |   4 | 1113.8 |
       Dungeon |   4455 |   4414 |     41 |      0 |   3997 |   4 | 1113.8 |
               +--------+--------+--------+--------+--------+-----+--------+

Top non-repeatable levels by time:
     D:3: 1402 daAuts
     D:2: 1290 daAuts
     D:1: 1041 daAuts
     D:4: 721 daAuts
